AoeStats
← 123

MegaRandom

508495269Analyzed
4v4 RM · 8d ago on Sep 22, 2026· 74m 23s· 8 players
Game mode
Random Map
Map size
Large (8 player)
Population
200
Speed
Normal
Resources
Standard
Victory
Conquest
Starting age
Dark Age
Ending age
Imperial Age
RankedLock teamsTeams togetherTeam positionsShared explorationLock speedFull tech treeHidden civsTurbo modeCheats
Victory
Defeat
🇨🇱 Huns · Chile
1061
+17
1043
+18
🇬🇧 Spanish · United Kingdom
1033
+18
🇨🇱 Magyars · Chile
1031
+18
🇫🇷 Mongols · France
1119
-20
🇨🇦 Vikings · Canada
1099
-18
🇨🇳 Bohemians · China
1077
-18
🇦🇹 Franks · Austria
1011
-15
Slade One
12:12 Feudal Age
17:08 Castle Age
15:36 Double-Bit Axe
15:33 Horse Collar
18:38 Bow Saw
20:46 Wheelbarrow
23:35 Hand Cart
24:01 Stone Mining
24:09 Gold Mining
25:46 Loom
26:48 Gold Shaft Mining
26:23 Town Watch
31:01 Imperial Age
28:49 Forging
28:45 Scale Barding Armor
30:07 Town Patrol
30:18 Heavy Plow
30:28 Marauders
30:31 Husbandry
30:42 Bloodlines
31:24 Iron Casting
31:10 Chain Barding Armor
31:04 Elite Tarkan
32:06 Conscription
33:16 Blast Furnace
33:21 Two-Man Saw
35:36 Plate Barding Armor
46:21 Atheism
45:32 Sappers
46:09 Scale Mail Armor
46:09 Padded Archer Armor
46:00 Fletching
54:38 Caravan
55:08 Coinage
54:49 Guilds
54:56 Chain Mail Armor
54:57 Leather Archer Armor
54:38 Bodkin Arrow
57:25 Banking
57:18 Spies/Treason
65:57 Medium Warships
65:07 Demolition Ship
65:39 Fishing Lines
66:10 Medium Warships
65:20 Demolition Ship
67:15 Atonement
69:58 Light Cavalry
71:07 Squires
70:54 Arson
70:31 Man-at-Arms
71:59 Long Swordsman
Romain, Conquérant par 3 côté
11:33 Feudal Age
12:02 Loom
12:10 Double-Bit Axe
14:06 Fishing Lines
16:59 Castle Age
19:52 Scale Mail Armor
24:51 Man-at-Arms
26:03 Long Swordsman
28:20 Chain Mail Armor
28:31 Squires
37:20 Imperial Age
36:56 Forging
38:07 Two-Handed Swordsman
43:26 Elite Hearth Troop
46:36 Plate Mail Armor
47:38 Champion
51:13 Town Watch
52:04 Wheelbarrow
52:55 Iron Casting
57:01 Careening
57:14 Shipwright
59:42 Medium Warships
60:48 Heavy Warships
69:07 Shield Wall
Gamer_90_
3:15 Loom
12:36 Feudal Age
13:56 Wheelbarrow
13:57 Double-Bit Axe
20:20 Castle Age
18:34 Forging
18:33 Scale Barding Armor
21:28 Gold Mining
21:21 Horse Collar
21:54 Bow Saw
24:55 Fishing Lines
26:36 Medium Warships
29:36 Iron Casting
29:21 Chain Barding Armor
30:11 Heavy Plow
30:14 Scale Mail Armor
30:40 Stone Mining
32:25 Gillnets
33:40 Stone Shaft Mining
33:14 Squires
32:59 Arson
32:59 Pikeman
33:25 Arson
37:21 Chain Mail Armor
37:07 Padded Archer Armor
36:57 Fletching
38:26 Inquisition
41:44 Imperial Age
40:04 Leather Archer Armor
40:42 Hand Cart
39:54 Light Cavalry
41:04 Bodkin Arrow
41:53 Cavalier
42:34 Husbandry
42:58 Murder Holes
43:14 Masonry
45:34 Chemistry
45:05 Architecture
46:13 Coinage
45:45 Caravan
46:54 Blast Furnace
46:42 Guilds
47:11 Plate Barding Armor
46:38 Halberdier
47:05 Arson
48:17 Banking
49:04 Two-Man Saw
49:42 Supremacy
49:12 Gambesons
48:48 Man-at-Arms
50:08 Plate Mail Armor
50:09 Ring Archer Armor
49:39 Bracer
51:05 Onager
51:07 Long Swordsman
51:10 Hussar
52:02 Bloodlines
51:40 Town Watch
52:56 Fervor
52:47 Atonement
52:48 Devotion
52:44 Herbal Medicine
53:04 Block Printing
52:30 Two-Handed Swordsman
53:34 Conscription
52:44 Sappers
53:51 Elite Conquistador
55:06 Hoardings
57:11 Hoardings
56:36 Paladin
57:42 Town Patrol
57:07 Capped Ram
58:49 Fortified Wall
58:29 Guard Tower
59:00 Ballistics
59:01 Bombard Tower
59:22 Heavy Warships
58:21 Demolition Ship
58:29 Elite Cannon Galleon
60:56 Arrowslits
73:30 Block Printing
73:58 Theocracy
73:47 Heresy
73:48 Sanctity
73:39 Redemption
73:50 Faith
73:55 Illumination
123
12:11 Feudal Age
21:21 Castle Age
22:12 Double-Bit Axe
22:11 Horse Collar
23:58 Heavy Plow
24:10 Bow Saw
26:51 Scale Barding Armor
27:35 Corvinian Army
28:15 Chain Barding Armor
34:36 Scale Mail Armor
41:46 Imperial Age
40:46 Chain Mail Armor
47:27 Ballistics
48:12 Elite Magyar Huszar
49:39 Plate Barding Armor
52:52 Wheelbarrow
52:03 Town Watch
61:11 Demolition Ship
62:59 Chemistry
62:15 Careening
62:19 Clinker Construction
62:31 Clinker Construction
62:31 Careening
62:12 Heated Shot
62:03 Treadmill Crane
63:50 Medium Warships
63:20 Fishing Lines
64:25 Hand Cart
Reshi
8:57 Loom
13:44 Feudal Age
18:25 Fishing Lines
21:40 Castle Age
20:59 Stone Mining
21:01 Gold Mining
26:16 Imperial Age
24:22 Gillnets
25:08 Double-Bit Axe
33:00 Horse Collar
33:34 Bow Saw
35:09 Conscription
35:40 Scale Mail Armor
35:53 Forging
36:12 Elite Berserk
37:14 Chain Mail Armor
39:47 Chieftains
41:52 Plate Mail Armor
41:57 Iron Casting
48:57 Blast Furnace
48:17 Town Watch
math-hbcn
6:56 Loom
9:08 Feudal Age
20:03 Castle Age
18:11 Fletching
18:33 Bloodlines
18:52 Fishing Lines
21:23 Husbandry
23:10 Double-Bit Axe
23:23 Bodkin Arrow
23:31 Padded Archer Armor
25:49 Stone Mining
26:40 Gillnets
26:48 Horse Collar
28:33 Gold Mining
29:46 Wheelbarrow
34:08 Imperial Age
33:04 Leather Archer Armor
33:26 Gold Shaft Mining
33:30 Stone Shaft Mining
33:30 Ballistics
35:13 Hand Cart
34:44 Town Watch
36:01 Chemistry
35:04 Bracer
39:48 Conscription
38:49 Elite Mangudai
41:23 Town Patrol
Praetor
4:38 Loom
11:55 Feudal Age
11:52 Loom
12:43 Double-Bit Axe
19:03 Castle Age
17:38 Scale Barding Armor
19:07 Forging
22:02 Husbandry
22:39 Bow Saw
26:09 Town Watch
31:24 Wheelbarrow
33:01 Hand Cart
33:17 Pikeman
33:58 Squires
35:06 Scale Mail Armor
36:16 Gambesons
36:16 Arson
40:30 Chain Mail Armor
40:51 Iron Casting
45:24 Imperial Age
A Sir
0:54 Loom
14:58 Feudal Age
18:42 Fletching
18:53 Padded Archer Armor
18:49 Double-Bit Axe
18:53 Horse Collar
21:47 Castle Age
23:41 Wheelbarrow
25:57 Medium Warships
27:17 Chemistry
26:26 Fishing Lines
28:59 Leather Archer Armor
32:22 Bow Saw
39:37 Ballistics
45:19 Imperial Age
Connection lost

Rejoining the realm…

Still unreachable

The connection could not be restored.

Session expired

The server has moved on; the page needs a fresh start.